Map: Turbo Cruise '84 LE

Players

NotMaru

  • Race: Terran Terran
  • Spawn Location: 7:00

SandboX - Winner!

  • Race: Zerg Zerg
  • League: Gold
  • Spawn Location: 3:00

VOD

Have the link to the VOD?

Description

Time

  • Played on: Aug. 14, 2019, 9:24 p.m.
  • Length: 14:11
Show
View Real Time Build Order
Export as new Build Order

NotMaru Terran 

Build Orders: Reaper Expand 

Get SALT Encoding   

  12  0:01  SCV  
  13  0:13  SCV  
  14  0:25  SCV  
  15  0:41  Supply Depot  
  15  0:43  Refinery  
  15  1:03  SCV  
  16  1:06  Barracks  
  16  1:15  SCV  
  17  1:27  SCV  
  18  1:39  SCV  
  19  1:52  Command Center  
  19  2:02  Factory, Supply Depot  
  19  2:07  Reaper  
  20  2:31  Orbital Command  
  20  2:37  Refinery  
  20  2:47  Barracks Tech Lab  
  20  2:49  Widow Mine  
  22  2:54  Bunker  
  22  2:58  Refinery  
  22  3:09  SCV x2  
  24  3:26  Marine  
  25  3:29  SCV x2  
  27  3:38  Ghost Academy  
  27  3:44  Marine  
  28  3:54  Orbital Command  
  28  3:59  SCV  
  28  4:01  Marine  
  30  4:05  Starport  
  30  4:11  SCV  
  30  4:12  Widow Mine  
  33  4:23  SCV  
  34  4:24  SCV  
  34  4:29  Personal Cloaking  
  35  4:35  SCV  
  36  4:38  SCV  
  36  4:42  Factory Tech Lab  
  36  4:45  Viking  
  39  4:48  Engineering Bay  
  39  4:50  Refinery  
  39  4:53  SCV  
  39  4:57  Ghost  
  43  5:00  SCV  
  43  5:09  SCV  
  44  5:21  SCV  
  45  5:23  Supply Depot  
  45  5:27  Supply Depot  
  45  5:30  SCV  
  45  5:34  Sensor Tower  
  46  5:37  Siege Tank, SCV  
  50  5:43  Medivac, Supply Depot  
  50  5:45  SCV  
  50  5:47  Ghost  
  55  5:55  Nuke, Ghost Academy  
  55  5:56  SCV  
  56  6:01  SCV  
  57  6:04  Missile Turret  
  57  6:08  SCV  
  58  6:21  Ghost Academy  
  58  6:24  Missile Turret  
  58  6:51  Ghost Academy  
  58  6:56  Nuke  
  58  6:59  Nuke  
  58  7:00  SCV  
  58  7:01  SCV  
  60  7:05  Barracks, Starport Tech Lab  
  60  7:07  Barracks  
  60  7:13  SCV x2  
  62  7:20  Nuke  
  62  7:25  SCV x2, Ghost Academy  
  65  7:37  SCV x2  
  66  7:49  SCV x2  
  68  7:56  Nuke  
  68  7:57  Barracks Tech Lab  
  68  8:03  Barracks Tech Lab  
  68  8:04  SCV x2  
  68  8:11  Ghost  
  70  8:16  SCV  
  70  8:19  Banshee  
  74  8:20  Cloaking Field  
  66  8:40  Ghost  
  66  8:41  Marauder x2  
  68  8:49  Supply Depot  
  68  9:01  Nuke x3  
  68  9:02  Marauder  
  70  9:08  Supply Depot x2  
  70  9:09  Supply Depot  
  70  9:10  Marine, Banshee  
  70  9:11  Siege Tank  
  77  9:24  Marauder  
  78  9:26  Marauder  
  73  9:36  SCV  
  61  9:44  Marine  
  47  9:58  Banshee  
  47  10:02  Marine  
  47  10:03  Marine  
  45  10:21  Factory  
  45  10:26  Supply Depot  
  45  10:27  Supply Depot  
  45  10:31  Supply Depot  
  43  10:48  Marine  
  47  10:52  Ghost  
  47  10:53  SCV  
  50  11:00  Supply Depot  
  50  11:02  Medivac  
  49  11:05  SCV  
  49  11:06  Marine, Nuke x2  
  49  11:07  Nuke  
  51  11:17  SCV  
  49  11:21  Ghost  
  49  11:24  Liberator  
  45  11:27  Factory Tech Lab  
  45  11:29  SCV  
  21  12:37  Command Center  
  21  12:39  Nuke x2  
  8  13:57  Engineering Bay  
Show
View Real Time Build Order
Export as new Build Order

SandboX Zerg - Winner!

Build Orders: Hatch First 

Get SALT Encoding   

  12  0:02  Drone  
  13  0:14  Overlord  
  13  0:23  Drone  
  14  0:33  Drone x2  
  16  0:36  Drone  
  18  0:57  Drone, Hatchery  
  17  1:04  Drone  
  17  1:07  Extractor  
  17  1:19  Spawning Pool  
  17  1:22  Drone  
  17  1:24  Drone  
  18  1:36  Drone  
  19  1:49  Overlord  
  19  2:08  Zergling x4  
  23  2:15  Drone x2  
  23  2:16  Queen x2  
  27  2:37  Drone x4  
  30  2:50  Metabolic Boost  
  30  2:53  Hatchery  
  29  3:01  Drone x3  
  32  3:12  Overlord  
  32  3:13  Drone  
  32  3:14  Drone  
  34  3:24  Drone x2  
  34  3:26  Overlord  
  36  3:35  Drone x6  
  36  3:39  Overlord  
  42  3:49  Roach Warren  
  41  4:06  Drone x10  
  41  4:08  Overlord  
  51  4:16  Lair  
  51  4:18  Extractor x2  
  51  4:22  Evolution Chamber  
  48  4:26  Queen  
  48  4:29  Evolution Chamber  
  49  4:47  Roach  
  49  4:48  Roach x7  
  65  5:05  Drone x9  
  74  5:08  Extractor  
  74  5:11  Overlord x2, Extractor  
  72  5:18  Zerg Missile Weapons Level 1  
  72  5:19  Extractor  
  72  5:20  Zerg Ground Armor Level 1  
  71  5:41  Drone x6  
  71  5:42  Drone  
  78  5:43  Roach x6  
  90  6:02  Glial Reconstitution, Hydralisk Den  
  89  6:13  Overlord x4  
  89  6:24  Spore Crawler x2  
  87  6:29  Overlord, Spore Crawler  
  87  6:30  Spore Crawler  
  87  6:31  Spore Crawler  
  87  6:32  Spore Crawler  
  83  6:34  Hydralisk x5  
  83  6:35  Hydralisk  
  95  6:47  Overseer  
  95  6:55  Drone x9  
  104  7:02  Muscular Augments  
  104  7:15  Hydralisk  
  106  7:17  Overlord  
  106  7:18  Overlord x3  
  106  7:33  Overlord x3  
  106  7:36  Zerg Ground Armor Level 2  
  106  7:47  Hydralisk x4  
  81  8:37  Roach x14  
  107  9:05  Hydralisk  
  107  9:06  Hydralisk x5  
  110  9:54  Spawning Pool  
  80  10:35  Spawning Pool  
  79  11:09  Zergling x8  
  79  11:10  Zergling x18  
  90  11:29  Zergling x10  
  95  11:34  Spine Crawler  
  95  11:38  Spore Crawler, Spine Crawler  
  95  11:39  Spine Crawler  
  64  12:21  Zergling x4  
  64  12:22  Zergling x2  
  67  12:35  Zergling x8  
  71  12:42  Drone  
  72  13:25  Zergling x16  
  80  13:47  Drone x3  
Tags
 
Add a new tag
Caveats
  • Supply blocks, unpowered buildings, or Contaminate may cause inaccurate times.
  • Supply counts are checked every 10 seconds.